 Dungeon Crawl Stone Soup version 0.21.1-1-g345015f (webtiles) character file.

103 letownia3 the Conjurer (level 4, -3/45 HPs)
             Began as a Demonspawn Wizard on Feb 6, 2018.
             Slain by a big kobold
             ... wielding a +0 short sword
              (4 damage)
             ... in a sewer.
             The game lasted 00:04:42 (1995 turns).

letownia3 the Conjurer (Demonspawn Wizard)          Turns: 1995, Time: 00:04:43

Health: -3/45      AC:  4    Str: 13    XL:     4   Next: 51%
Magic:  1/8        EV: 11    Int: 20    God:
Gold:   83         SH:  0    Dex: 11    Spells: 0/9 levels left

rFire    . . .     SeeInvis .   e - +0 short sword
rCold    . . .     Gourm    .   (no shield)
rNeg     . . .     Faith    .   h - +0 leather armour
rPois    .         Spirit   .   b - +0 hat
rElec    .         Reflect  .   (no cloak)
rCorr    .         Harm     .   (no gloves)
MR       .....                  (no boots)
Stlth    ..........             (no amulet)
HPRegen  0.15/turn              l - ring of stealth
MPRegen  0.11/turn              (no ring)

@: berserking, very quick
A: rugged brown scales 1
a: no special abilities


You were in a sewer.
You were not hungry.

You visited 1 branch of the dungeon, and saw 3 of its levels.
You also visited: Sewer.

You collected 83 gold pieces.

Inventory:

Hand Weapons
 e - a +0 short sword (weapon)
 v - a +0 hunting sling
Missiles
 w - 22 stones (quivered)
Armour
 a - a +0 robe
 b - a +0 hat (worn)
 h - a +0 leather armour (worn)
Jewellery
 l - a ring of stealth (left hand)
Scrolls
 g - 3 scrolls of identify {unknown}
 i - 2 scrolls of enchant weapon {unknown}
 j - a scroll of teleportation {unknown}
 k - a scroll of immolation {unknown}
 m - a scroll of enchant armour {unknown}
 n - a scroll of fear {unknown}
 o - a scroll of magic mapping {unknown}
 q - a scroll of remove curse {unknown}
 t - a scroll of fog {unknown}
Potions
 f - 2 potions of berserk rage
 p - a potion of agility {unknown}
 r - a potion of invisibility {unknown}
 u - a potion of degeneration {unknown}
Books
 c - a book of Minor Magic

   Spells                             Type                      Level
   a - Magic Dart                     Conjuration                  1
   b - Blink                          Translocation                2
   c - Call Imp                       Summoning                    2
   d - Slow                           Hexes                        2
   e - Conjure Flame                  Conjuration/Fire             3
   f - Mephitic Cloud                 Conjuration/Poison/Air       3
Comestibles
 d - 2 rations


   Skills:
 - Level 1.7 Dodging
 - Level 1.7 Stealth
 - Level 3.0 Spellcasting
 + Level 3.4 Conjurations
   Level 1.0 Summonings
 + Level 1.0 Translocations
 + Level 1.1 Fire Magic
 + Level 1.1 Air Magic
 + Level 1.2 Poison Magic


You couldn't memorise any spells.
You knew the following spells:

 Your Spells              Type           Power        Failure   Level  Hunger
a - Magic Dart            Conj           ###.         4%          1    None
b - Blink                 Tloc           N/A          19%         2    ##.....
c - Conjure Flame         Conj/Fire      ##......     22%         3    ###....
e - Mephitic Cloud        Conj/Pois/Air  ##......     24%         3    ###....


Dungeon Overview and Level Annotations

Branches:
Dungeon (3/15)

Altars:


Innate Abilities, Weirdness & Mutations

You are partially covered in rugged brown scales. (AC +1, +3% HP)


Message History

Press: ? - help, Shift-Dir - straight line, f/p - big kobold
Aim: a big kobold, wielding a short sword (moderately wounded)
The magic dart hits the big kobold.
The big kobold is moderately wounded.
The big kobold hits you with a short sword.
* * * LOW HITPOINT WARNING * * *
Unknown command.
Unknown command.
It was a potion of berserk rage.
A red film seems to cover your vision as you go berserk!
You feel yourself moving faster!
You feel mighty!
The big kobold hits you but does no damage.
You miss the big kobold.
The big kobold is moderately wounded.
The big kobold hits you with a short sword.
* * * LOW HITPOINT WARNING * * *
You puncture the big kobold!
The big kobold is almost dead.
The big kobold hits you with a short sword.
You die...

#########
#...#≈≈≈#
#∩∩.#≈≈≈#
#..(@K≈≈#
######)≈≈#
#...!#≈≈≈#
#..∩.#≈≈≈#
#..!K#≈≈≈#
#.!!.#≈≈≈#
##K'##≈≈≈#
#....#≈≈≈#
###P..P#≈≈≈#


You could see a big kobold.

Vanquished Creatures
  6 adders
  3 leopard geckos (D:2)
  6 bats
  4 giant cockroaches
  4 goblins
  7 hobgoblins
  A quokka (D:3)
  2 ball pythons (Sewer)
  2 frilled lizards
  9 kobolds
  3 rats
47 creatures vanquished.

Notes
Turn   | Place    | Note
-------+----------+-------------------------------------------
     0 | D:1      | letownia3 the Demonspawn Wizard began the quest for the Orb.
     0 | D:1      | Reached XP level 1. HP: 13/13 MP: 4/4
   542 | D:1      | Gained mutation: You are partially covered in rugged brown scales. (AC +1, +3% HP) [demonic ancestry]
   542 | D:1      | Reached XP level 2. HP: 13/19 MP: 4/6
   837 | D:2      | Reached XP level 3. HP: 13/24 MP: 0/7
   849 | D:1      | Learned a level 3 spell: Mephitic Cloud
   853 | D:1      | Learned a level 3 spell: Conjure Flame
  1425 | D:3      | Found a glowing drain.
  1637 | D:3      | Reached XP level 4. HP: 29/30 MP: 2/8
  1733 | D:3      | Reached skill level 1 in Fire Magic
  1733 | D:3      | Reached skill level 1 in Air Magic
  1733 | D:3      | Reached skill level 1 in Poison Magic
  1816 | D:3      | Learned a level 2 spell: Blink
  1924 | Sewer    | Entered a sewer
  1940 | Sewer    | Noticed a big kobold
  1978 | Sewer    | Reached skill level 1 in Translocations
  1994 | Sewer    | HP: 1/45 [big kobold/short sword (5)]
  1995 | Sewer    | Slain by a big kobold

Skill      XL: |  1  2  3  4 |
---------------+-------------+-----
Conjurations   | 2 3 |  3.4
Fire Magic     | 1 |  1.1
Air Magic      | 1 |  1.1
Poison Magic   | 1 |  1.2
Translocations | 1 |  1.0
Dodging        | |  1.7
Stealth        | |  1.7
Spellcasting   | |  3.0
Summonings     | |  1.0

Action                   |  1- 3 |  4- 6 || total
-------------------------+-------+-------++-------
Melee: Short sword       |    27 |    24 ||    51
 Cast: Magic Dart        |    81 |    22 ||   103
       Conjure Flame     |       |     1 ||     1
       Mephitic Cloud    |       |     1 ||     1
  Use: Potion            |       |     1 ||     1
 Stab: Sleeping          |     1 |       ||     1
       Confused          |       |     1 ||     1
  Eat: Chunk             |     2 |     1 ||     3
Armor: Leather armour    |    14 |     8 ||    22
Dodge: Dodged            |    42 |    25 ||    67
